 Dungeon Crawl Stone Soup version 0.18-a0-750-g37044d6 (webtiles) character file.

924 cluie the Insei (level 7, -10/54 HPs)
             Began as a Demonspawn Transmuter on Dec 11, 2015.
             Mangled by an orc warrior
             ... wielding a +0 dire flail
              (21 damage)
             ... on level 6 of the Dungeon.
             The game lasted 00:10:52 (4662 turns).

cluie the Insei (Demonspawn Transmuter)             Turns: 4662, Time: 00:10:52

Health: -10/54     AC:  8    Str: 10    XL:     7   Next: 84%
Magic:  0/10       EV: 14    Int: 14    God:
Gold:   277        SH:  0    Dex: 16    Spells: 3 memorised, 2 levels left

rFire  + + .     SeeInvis .       - Unarmed
rCold  . . .     Clarity  .     l - +2 leather armour {MR+}
rNeg   . . .     SustAt   .     (no shield)
rPois  .         Gourm    .     h - +1 helmet
rElec  .         Spirit   .     x - +0 cloak
rCorr  .         Dismiss  .     (no gloves)
rMut   .         Stasis   .     (no boots)
MR     +....                    (no amulet)
Stlth  +.........               (no ring)
                                i - ring of protection from fire

@: very slightly contaminated, somewhat resistant to hostile enchantments, very
unstealthy
A: fire resistance 1, powered by death 1
a: no special abilities


You were on level 6 of the Dungeon.
You were very hungry.

You visited 1 branch of the dungeon, and saw 6 of its levels.

You collected 277 gold pieces.

Inventory:

Missiles
 a - 13 arrows
Armour
 h - a +1 helmet (worn)
 l - a +2 leather armour of magic resistance (worn)
 x - a +0 cloak (worn)
Jewellery
 i - a ring of protection from fire (left hand)
 j - an uncursed ring of fire
Scrolls
 b - a scroll of enchant armour
 g - a scroll of remove curse
 k - a scroll of immolation
 r - a scroll of identify
Potions
 m - a potion of invisibility
 n - 2 potions of might
 p - 2 potions of cancellation
 q - a potion of lignification
 u - a potion of ambrosia
 v - 2 potions of curing
 w - 3 potions of heal wounds
 z - a potion of flight
 A - 2 potions of magic
Books
 c - a book of Changes

   Spells                             Type                      Level
   a - Beastly Appendage              Transmutation                1
   b - Sticks to Snakes               Transmutation                2
   c - Spider Form                    Transmutation/Poison         3
   d - Ice Form                       Ice/Transmutation            4
   e - Blade Hands                    Transmutation                5
 e - a book of Clouds

   Spells                             Type                      Level
   a - Mephitic Cloud                 Conjuration/Poison/Air       3
   b - Conjure Flame                  Conjuration/Fire             3
   c - Poisonous Cloud                Conjuration/Poison/Air       6
   d - Freezing Cloud                 Conjuration/Ice/Air          6
   e - Ring of Flames                 Charms/Fire                  7
Comestibles
 d - 2 beef jerkies
 f - 4 meat rations
 o - 7 fruits
 t - 2 bread rations


   Skills:
 + Level 4.1 Fighting
 * Level 5.2 Dodging
 * Level 5.9 Unarmed Combat
 - Level 2.0 Spellcasting
 - Level 1.7 Transmutations


You had 2 spell levels left.
You knew the following spells:

 Your Spells              Type           Power        Failure   Level  Hunger
a - Beastly Appendage     Trmt           #.....       17%         1    ##.....
b - Sticks to Snakes      Trmt           #.......     28%         2    ###....
c - Blade Hands           Trmt           #.........   100%        5    ######.


Dungeon Overview and Level Annotations

Branches:
Dungeon (6/15)
 Temple: D:4-7

Altars:
Cheibriados
Fedhas
Makhleb
Okawaru
Vehumet


Innate Abilities, Weirdness & Mutations

Your flesh is heat resistant.
You regenerate a little health from kills.


Message History

You miscast Sticks to Snakes.
Your hair momentarily turns into snakes!
You hit the orc warrior but do no damage.
You punch the orc warrior, but do no damage.
The orc warrior is moderately wounded.
You feel less regenerative.
The orc warrior hits you but does no damage.
You hit the orc warrior but do no damage.
The orc warrior is moderately wounded.
The orc warrior hits you with a dire flail!
* * * LOW HITPOINT WARNING * * *
Unknown command.
There is a stone staircase leading up here.
Read which item? (? for menu, Esc to quit)
Okay, then.
Casting: Sticks to Snakes
Confirm with . or Enter, or press ? or * to list all spells.
You create a snake!
You now have 13 arrows.
The orc warrior hits you with a dire flail!!
You die...

#.##
#..#
#..##
#.<.#
#.#.#
#.#.#
#o#o#
#o#.#
#@#.#
#.#)#
#.S.#
##..#
#..#
#..#
##.#
#.#
...


You could see an orc warrior, an orc and a friendly ball python.

Vanquished Creatures
  Pikel (D:5)
  A slave (D:5)
  4 scorpions
  A crimson imp (D:5)
  A jelly (D:5)
  A hound (D:4)
  Natasha (thrice) (D:4)
  A worker ant (D:3)
  2 worker ant zombies
  6 adders
  2 oozes
  A worm (D:4)
  6 giant geckos
  3 orcs
  10 giant cockroaches
  8 hobgoblins
  4 jackals (D:3)
  A ball python (D:1)
  14 bats
  6 giant newts
  8 goblins
  6 kobolds
  7 rats
97 creatures vanquished.

Vanquished Creatures (collateral kills)
  A giant gecko (D:3)
1 creature vanquished.

Grand Total: 98 creatures vanquished

Notes
Turn   | Place    | Note
--------------------------------------------------------------
     0 | D:1      | cluie the Demonspawn Transmuter began the quest for the Orb.
     0 | D:1      | Reached XP level 1. HP: 15/15 MP: 3/3
   274 | D:1      | Gained mutation: Your flesh is heat resistant. [demonic ancestry]
   274 | D:1      | Reached XP level 2. HP: 11/21 MP: 5/5
   359 | D:1      | Reached skill level 3 in Unarmed Combat
   972 | D:2      | Reached XP level 3. HP: 27/27 MP: 6/6
  1310 | D:2      | Learned a level 2 spell: Sticks to Snakes
  1419 | D:2      | Found an iron altar of Okawaru.
  2253 | D:3      | Gained mutation: You regenerate a little health from kills. [demonic ancestry]
  2253 | D:3      | Reached XP level 4. HP: 33/33 MP: 7/7
  2254 | D:3      | oh nice
  2717 | D:3      | Found a radiant altar of Vehumet.
  3177 | D:4      | Noticed Natasha
  3178 | D:4      | Noticed a phantom
  3221 | D:3      | Reached skill level 4 in Unarmed Combat
  3221 | D:3      | Reached XP level 5. HP: 18/39 MP: 8/8
  3459 | D:4      | Killed Natasha
  3475 | D:4      | Noticed Natasha
  3484 | D:4      | Killed Natasha
  3520 | D:4      | Noticed Natasha
  3527 | D:4      | Killed Natasha
  3759 | D:4      | Found a burning altar of Makhleb.
  3844 | D:4      | Reached XP level 6. HP: 35/47 MP: 9/9
  3905 | D:4      | Learned a level 5 spell: Blade Hands
  3916 | D:5      | Entered Level 5 of the Dungeon
  4144 | D:5      | Found a blossoming altar of Fedhas.
  4185 | D:5      | Noticed Pikel
  4209 | D:5      | Killed Pikel
  4209 | D:5      | Reached skill level 5 in Dodging
  4209 | D:5      | Reached skill level 5 in Unarmed Combat
  4209 | D:5      | Reached XP level 7. HP: 15/53 MP: 6/10
  4210 | D:5      | treeform UC is pretty good
  4397 | D:5      | Found a snail-covered altar of Cheibriados.
  4562 | D:5      | Found a blossoming altar of Fedhas.
  4662 | D:6      | Mangled by an orc warrior

Vault maps used:
D:1:      lightli_arrival_maybe_door_vault, grunt_decor_resistance
D:2:      okawaru_trees_1
D:3:      vehumet_altar_wand_db, kennysheep_generic_room_16
D:4:      lemuel_coloured_pillars_altar, first_bread, minmay_crystal_room,
          minmay_small_thing, uniq_natasha
D:5:      lemuel_doored_altar, kennysheep_mini_moat, basic_altar, uniq_pikel
D:6:      serial_shops, shop_statue, portal_sewer_entry_d

Action                   |  1- 3 |  4- 6 |  7- 9 || total
-------------------------+-------+-------+-------++-------
Melee: Unarmed           |   200 |   317 |    45 ||   562
 Cast: Beastly Appendage |     5 |     4 |     1 ||    10
       Sticks to Snakes  |     4 |    10 |     5 ||    19
  Use: Potion            |     1 |     2 |       ||     3
       Scroll            |       |    14 |     4 ||    18
 Stab: Sleeping          |     2 |     1 |       ||     3
       Distracted        |       |     1 |     1 ||     2
  Eat: Chunk             |     2 |     5 |     1 ||     8
       Bread ration      |     1 |       |       ||     1
       Fruit             |     1 |       |       ||     1
